 Dungeon Crawl Stone Soup version 0.28-a0-779-g3d1f99b579 (webtiles) character file.

Game seed: 2830958555427038263

58 gimp the Slasher (level 3, 0/29 HPs)
             Began as a Demonspawn Cinder Acolyte on Nov 3, 2021.
             Was a High Priest of Ignis.
             Succumbed to an adder's poison
             ... on level 2 of the Dungeon.
             The game lasted 00:01:40 (2250 turns).

gimp the Slasher (Demonspawn Cinder Acolyte)        Turns: 2250, Time: 00:01:40

Health: 0/29       AC:  2    Str: 14    XL:     3   Next: 75%
Magic:  4/4        EV: 11    Int: 16    God:    Ignis [*****.]
Gold:   21         SH:  0    Dex:  8    Spells: 2/4 levels left

rFire   + . .      SeeInvis .   a - -1 falchion (flame)
rCold   . . .      Faith    .   (no shield)
rNeg    . . .      Spirit   .   b - +0 robe
rPois   .          Reflect  .   (helmet restricted)
rElec   .          Harm     .   (no cloak)
rCorr   .          Rampage  .   (no gloves)
Will    .....                   (no boots)
Stlth   +.........              (no amulet)
HPRegen 0.09/turn               (no ring)
MPRegen 0.09/turn               (no ring)

@: lethally poisoned (0 -> -1)
A: claws 1, horns 1
a: Renounce Religion, Sea of Fire, Foxfire Swarm, Rising Flame


You were on level 2 of the Dungeon.
You worshipped Ignis.
Ignis was extremely pleased with you.
You visited 1 branch of the dungeon, and saw 2 of its levels.

You collected 21 gold pieces.

Inventory:

Hand Weapons
 a - a -1 falchion of flaming (weapon)
Missiles
 c - 2 throwing nets (quivered)
 g - 11 poisoned darts
Armour
 b - a +0 robe (worn)
Scrolls
 d - a scroll of noise {unknown}
 e - a scroll of brand weapon {unknown}
 f - a scroll of identify {unknown}
 h - a scroll of immolation {unknown}
 i - a scroll of enchant armour {unknown}
 j - a scroll of vulnerability {unknown}
 k - a scroll of fear {unknown}


   Skills:
 + Level 3.6 Fighting
 * Level 3.9 Long Blades
 - Level 1.0 Spellcasting
 - Level 2.6 Fire Magic


You had 2 spell levels left.
You knew the following spells:

 Your Spells              Type           Power      Damage    Failure   Level
a - Scorch                Fire           18%        2d6       12%         2

Your spell library contained the following spells:

 Spells                   Type           Power      Damage    Failure   Level


Dungeon Overview and Level Annotations

Branches:
Dungeon (2/15)

Altars:


Innate Abilities, Weirdness & Mutations

You have sharp fingernails.
You have a pair of small horns on your head.


Message History

The adder poisons you! The adder bites you.
You take 5 damage, and have 20/29 hp.
You miss the adder.
The adder is severely wounded.
You feel sick. The adder bites you.
You take 7 damage, and have 13/29 hp.
MASSIVE DAMAGE!!
You are too injured to fight recklessly!
You are too injured to fight recklessly!
You closely miss the adder.
The adder is severely wounded.
You feel sick. The adder closely misses you. The adder bites you.
* * * LOW HITPOINT WARNING * * *
You take 5 damage, and have 8/29 hp.
You closely miss the adder.
The adder is severely wounded.
You feel sick. The adder bites you.
* * * LOW HITPOINT WARNING * * *
You are lethally poisoned!
The adder poisons you!
You take 2 damage, and have 6/29 hp.
You slash the adder! You burn the adder.
You kill the adder!
* * * LOW HITPOINT WARNING * * *
You feel sick.
You take 1 damage, and have 5/29 hp.
* * * LOW HITPOINT WARNING * * *
You feel sick.
You see here an adder corpse.
You take 1 damage, and have 4/29 hp.
You aren't carrying any potions.
* * * LOW HITPOINT WARNING * * *
You feel sick.
You take 1 damage, and have 3/29 hp.
* * * LOW HITPOINT WARNING * * *
You feel sick.
You take 1 damage, and have 2/29 hp.
* * * LOW HITPOINT WARNING * * *
You feel sick.
You take 1 damage, and have 1/29 hp.
You die...

#...##.#
#...##>#
#...#### #...#
#...# #...#
##'##
#.############
#...†...@....#
############.#


There were no monsters in sight!

Vanquished Creatures
  2 adders (D:2)
  3 bats
  3 endoplasms
  4 goblins
  7 hobgoblins (D:1)
  3 kobolds (D:1)
  3 quokkas
  4 ball pythons (D:1)
  6 rats
35 creatures vanquished.

Notes
Turn   | Place    | Note
-------+----------+-------------------------------------------
     0 | D:1      | gimp the Demonspawn Cinder Acolyte began the quest for the
                  | Orb.
     0 | D:1      | Reached XP level 1. HP: 18/18 MP: 2/2
   313 | D:1      | Discovered your monstrous ancestry.
   313 | D:1      | Gained mutation: You have a pair of small horns on your
                  | head. [demonic ancestry]
   313 | D:1      | Reached XP level 2. HP: 24/24 MP: 3/3
   588 | D:1      | Learned a level 2 spell: Scorch
  1149 | D:1      | Gained mutation: You have sharp fingernails. [demonic
                  | ancestry]
  1149 | D:1      | Reached XP level 3. HP: 29/29 MP: 4/4
  2249 | D:2      | HP: 1/29 [poisoned by an adder]
  2250 | D:2      | Succumbed to an adder's poison

Illustrated notes

Levels and vault maps discovered:
D:1:      doesnt_arrival_eight_statues, layout_basic, minmay_splitting_lines
D:2:      layout_basic

Skill      XL: |  1 |
---------------+----+-----
Long Blades    | 3 |  3.9
Fighting       | |  3.6
Spellcasting   | |  1.0
Fire Magic     | |  2.6

Action                   || total
-------------------------++-------
Melee: Falchion          ||   100
       Headbutt          ||     8
Armor: Robe              ||    18
Dodge: Dodged            ||    60

Table legend: (Time is in decaauts)
 A = Elapsed time spent in this place.
 B = Non-inter-level travel time spent in this place.
 C = Inter-level travel time spent in this place.
 D = Time resting spent in this place.
 E = Time spent auto-exploring this place.
 F = Levels seen in this place.
 G = Mean time per level.
                   A        B        C        D        E       F      G
               +--------+--------+--------+--------+--------+-----+--------+
         Total |   2263 |   2263 |      0 |      0 |   2009 |   2 | 1131.5 |
       Dungeon |   2263 |   2263 |      0 |      0 |   2009 |   2 | 1131.5 |
               +--------+--------+--------+--------+--------+-----+--------+

Top non-repeatable levels by time:
     D:1: 1334 daAuts
     D:2: 929 daAuts
